MLB
MINNESOTA TWINS @ DETROIT TIGERS
09/15/2098
 
TOP OF THE 1ST
Minnesota Twins batting - Pitching for Detroit Tigers : RHP Diego Garzon
Pitching: RHP Diego Garzon
Batting: RHB Rogelio Rivera 0-0: Ball
1-0: SINGLE (Groundball, 23, EV 73.8 MPH) (infield hit)
Batting: SHB Jim Whitlock 0-0: Ball
1-0: Ball
2-0: Ball
3-0: Called Strike
3-1: Foul Ball, location: 25F
3-2: Strikes out looking
Batting: SHB William Maki 0-0: Ball
1-0: Ball
2-0: Ball
3-0: Called Strike
3-1: Foul Ball, location: 3SF
Pickoff Play to 1st, Runner tries for 2nd, OUT after rundown.
3-2: Ground out 4-3 (Groundball, 4, EV 86.9 MPH)
Top of the 1st over - 0 runs, 1 hit, 0 errors, 0 left on base; Minnesota 0 - Detroit 0
BOTTOM OF THE 1ST
Detroit Tigers batting - Pitching for Minnesota Twins : RHP Russell Cottrell
Pitching: RHP Russell Cottrell
Batting: LHB Tim Wilson 0-0: Ball
1-0: Ball
2-0: Called Strike
2-1: Fly out, F9 (Flyball, 9LS, EV 85.0 MPH)
Batting: RHB Allan Alessi 0-0: Called Strike
0-1: Ball
1-1: Ball
2-1: Called Strike
2-2: Ball
3-2: Ground out U3 (Groundball, 34, EV 104.4 MPH)
Batting: SHB Mike Knighten 0-0: Called Strike
0-1: Ball
1-1: Ball
2-1: Ball
3-1: Base on Balls
Batting: SHB Mang He 0-0: Ball
1-0: Called Strike
1-1: Foul Ball, location: 3SF
1-2: Foul Ball, location: 9LSFF
1-2: SINGLE (Flyball, 56D, EV 90.6 MPH)
Mike Knighten to second
Batting: LHB Denny Marshall 0-0: Ball
1-0: Called Strike
1-1: Called Strike
1-2: Strikes out swinging
Bottom of the 1st over - 0 runs, 1 hit, 0 errors, 2 left on base; Minnesota 0 - Detroit 0
TOP OF THE 2ND
Minnesota Twins batting - Pitching for Detroit Tigers : RHP Diego Garzon
Batting: RHB Bill Widby 0-0: Ball
1-0: Called Strike
1-1: Fly out, F7 (Flyball, 78S, EV 90.0 MPH)
Batting: SHB Dan Mayes 0-0: Called Strike
0-1: Swinging Strike
0-2: Strikes out swinging
Batting: LHB Jay Molteni 0-0: Foul Ball, location: 2F
0-1: Ball
1-1: Ball
2-1: Swinging Strike
2-2: Foul Ball, location: 2F
2-2: Foul Ball, location: 2F
2-2: Ball
3-2: Ground out U3 (Groundball, 34S, EV 90.6 MPH)
Top of the 2nd over - 0 runs, 0 hits, 0 errors, 0 left on base; Minnesota 0 - Detroit 0
BOTTOM OF THE 2ND
Detroit Tigers batting - Pitching for Minnesota Twins : RHP Russell Cottrell
Batting: LHB Brad Black 0-0: Called Strike
0-1: Swinging Strike
0-2: SINGLE (Groundball, 34D, EV 101.9 MPH)
Batting: LHB Nick Penix 0-0: Swinging Strike
0-1: Swinging Strike
0-2: Strikes out swinging
Batting: LHB Jason Schneider 0-0: Foul Ball, location: 7LMF
0-1: Swinging Strike
0-2: Strikes out swinging
Batting: RHB Carlos Fraire 0-0: Called Strike
0-1: Fly out, F4 (Popup, 4D, EV 35.6 MPH)
Bottom of the 2nd over - 0 runs, 1 hit, 0 errors, 1 left on base; Minnesota 0 - Detroit 0
TOP OF THE 3RD
Minnesota Twins batting - Pitching for Detroit Tigers : RHP Diego Garzon
Batting: RHB Joe Looby 0-0: Ball
1-0: Swinging Strike
1-1: Ball
2-1: Ball
3-1: Base on Balls
Batting: RHB Chris Ward 0-0: Ball
1-0: Ball
2-0: Ball
3-0: Called Strike
3-1: Called Strike
3-2: Strikes out swinging
Batting: LHB Chris Armstrong 0-0: Foul Ball, location: 5F
0-1: Ball
1-1: Ball
2-1: Ball
3-1: Base on Balls
Joe Looby to second
Batting: RHB Rogelio Rivera 0-0: Called Strike
0-1: Swinging Strike
0-2: Strikes out looking
Batting: SHB Jim Whitlock 0-0: Called Strike
0-1: Ball
1-1: Ball
2-1: Fielders Choice at 2nd, U6 (Groundball, 6M, EV 88.8 MPH)
Top of the 3rd over - 0 runs, 0 hits, 0 errors, 2 left on base; Minnesota 0 - Detroit 0
BOTTOM OF THE 3RD
Detroit Tigers batting - Pitching for Minnesota Twins : RHP Russell Cottrell
Batting: LHB Tim Wilson 0-0: Ground out 5-3 (Groundball, 56, EV 101.9 MPH)
Batting: RHB Allan Alessi 0-0: Ground out U3 (Groundball, 3S, EV 78.1 MPH)
Batting: SHB Mike Knighten 0-0: Called Strike
0-1: Ball
1-1: Swinging Strike
1-2: Foul Ball, location: 2F
1-2: Foul Ball, location: 9LMF
1-2: Fly out, F8 (Flyball, 8LM, EV 87.5 MPH)
Bottom of the 3rd over - 0 runs, 0 hits, 0 errors, 0 left on base; Minnesota 0 - Detroit 0
TOP OF THE 4TH
Minnesota Twins batting - Pitching for Detroit Tigers : RHP Diego Garzon
Batting: SHB William Maki 0-0: Ball
1-0: Ball
2-0: Foul Ball, location: 7LMF
2-1: Ground out U3 (Groundball, 3S, EV 87.5 MPH)
Batting: RHB Bill Widby 0-0: Called Strike
0-1: Ball
1-1: Ball
2-1: Called Strike
2-2: Ball
3-2: Base on Balls
Batting: SHB Dan Mayes 0-0: Foul Ball, location: 2F
0-1: Swinging Strike
0-2: Strikes out swinging
Batting: LHB Jay Molteni 0-0: Foul Ball, location: 7LMFF
0-1: Foul Ball, location: 7LMF
0-2: Strikes out swinging
Top of the 4th over - 0 runs, 0 hits, 0 errors, 1 left on base; Minnesota 0 - Detroit 0
BOTTOM OF THE 4TH
Detroit Tigers batting - Pitching for Minnesota Twins : RHP Russell Cottrell
Batting: SHB Mang He 0-0: Foul Ball, location: 2F
0-1: Called Strike
0-2: Strikes out swinging
Batting: LHB Denny Marshall 0-0: Fly out, F4 (Line Drive, 4, EV 61.3 MPH)
Batting: LHB Brad Black 0-0: Swinging Strike
0-1: Swinging Strike
0-2: Ball
1-2: Strikes out looking
Bottom of the 4th over - 0 runs, 0 hits, 0 errors, 0 left on base; Minnesota 0 - Detroit 0
TOP OF THE 5TH
Minnesota Twins batting - Pitching for Detroit Tigers : RHP Diego Garzon
Batting: RHB Joe Looby 0-0: Called Strike
0-1: Ball
1-1: Foul Ball, location: 5FF
1-2: Foul Ball, location: 2F
1-2: SINGLE (Groundball, 56D, EV 100.0 MPH)
Batting: RHB Chris Ward 0-0: Ball
1-0: Foul Ball, location: 3SF
1-1: Sac Bunt - play at second, runner OUT -> throw to first, DP!
Batting: LHB Chris Armstrong 0-0: Ground out 6-3 (Groundball, 6, EV 90.0 MPH)
Top of the 5th over - 0 runs, 1 hit, 0 errors, 0 left on base; Minnesota 0 - Detroit 0
BOTTOM OF THE 5TH
Detroit Tigers batting - Pitching for Minnesota Twins : RHP Russell Cottrell
Batting: LHB Nick Penix 0-0: Ball
1-0: Fly out, F6 (Line Drive, 6MD, EV 71.3 MPH)
Batting: LHB Jason Schneider 0-0: Called Strike
0-1: Ground out U3 (Groundball, 3L, EV 106.3 MPH)
Batting: RHB Carlos Fraire 0-0: Called Strike
0-1: Ground out 5-3 (Groundball, 56S, EV 69.4 MPH)
Bottom of the 5th over - 0 runs, 0 hits, 0 errors, 0 left on base; Minnesota 0 - Detroit 0
TOP OF THE 6TH
Minnesota Twins batting - Pitching for Detroit Tigers : RHP Diego Garzon
Pitching: LHP Malcolm Shelvin
Batting: RHB Rogelio Rivera 0-0: Ball
1-0: Foul Ball, location: 2F
1-1: Swinging Strike
1-2: Foul Ball, location: 2F
1-2: Foul Ball, location: 2F
1-2: Ball
2-2: Foul Ball, location: 23FF
2-2: Strikes out swinging
Batting: SHB Jim Whitlock 0-0: Foul Ball, location: 5F
0-1: Foul Ball, location: 9LMF
0-2: Ball
1-2: Foul Ball, location: 23F
1-2: Ball
2-2: Ball
3-2: Fly out, F6 (Popup, 6D, EV 49.4 MPH)
Batting: SHB William Maki 0-0: Ball
1-0: Ball
2-0: Called Strike
2-1: Called Strike
2-2: Foul Ball, location: 3SF
2-2: TRIPLE (Flyball, 78XD, EV 95.6 MPH)
Batting: RHB Bill Widby 0-0: Ball
1-0: Ball
2-0: SINGLE (Line Drive, 89S, EV 86.9 MPH)
William Maki scores
Batting: SHB Dan Mayes 0-0: Ball
1-0: Reached via error on a dropped throw from 3B, E3 (Groundball, 56S, EV 67.5 MPH)
Bill Widby to second
Batting: LHB Jay Molteni 0-0: Called Strike
0-1: Ball
1-1: Ball
2-1: Called Strike
2-2: Ball
3-2: Foul Ball, location: 7LSF
3-2: Foul Ball, location: 23F
3-2: Ground out U3 (Groundball, 34S, EV 83.1 MPH)
Top of the 6th over - 1 run, 2 hits, 1 error, 2 left on base; Minnesota 1 - Detroit 0
BOTTOM OF THE 6TH
Detroit Tigers batting - Pitching for Minnesota Twins : RHP Russell Cottrell
Batting: LHB Tim Wilson 0-0: Called Strike
0-1: Ball
1-1: Foul Ball, location: 2F
1-2: Strikes out swinging
Batting: RHB Allan Alessi 0-0: Called Strike
0-1: Called Strike
0-2: Foul Ball, location: 9LSF
0-2: Ball
1-2: Strikes out swinging
Batting: SHB Mike Knighten 0-0: Ball
1-0: Foul Ball, location: 2F
1-1: Foul Ball, location: 7LSF
1-2: Ball
2-2: Foul Ball, location: 7LDF
2-2: SINGLE (Groundball, 4MD, EV 99.4 MPH)
Batting: SHB Mang He 0-0: Called Strike
0-1: Called Strike
0-2: Ball
1-2: Strikes out swinging
Bottom of the 6th over - 0 runs, 1 hit, 0 errors, 1 left on base; Minnesota 1 - Detroit 0
TOP OF THE 7TH
Minnesota Twins batting - Pitching for Detroit Tigers : LHP Malcolm Shelvin
Pitching: RHP Jim Vickery
Batting: RHB Joe Looby 0-0: Ball
1-0: Swinging Strike
1-1: Foul Ball, location: 7LMF
1-2: Ground out 6-3 (Groundball, 6, EV 81.9 MPH)
Batting: RHB Chris Ward 0-0: Ground out 6-3 (Groundball, 6D, EV 95.0 MPH)
Batting: LHB Chris Armstrong 0-0: Swinging Strike
0-1: Ground out 6-3 (Groundball, 6, EV 103.8 MPH)
Top of the 7th over - 0 runs, 0 hits, 0 errors, 0 left on base; Minnesota 1 - Detroit 0
BOTTOM OF THE 7TH
Detroit Tigers batting - Pitching for Minnesota Twins : RHP Russell Cottrell
Batting: LHB Denny Marshall 0-0: Called Strike
0-1: Ball
1-1: Ball
2-1: Ball
3-1: Foul Ball, location: 7LSF
3-2: Hit by Pitch
Batting: LHB Brad Black 0-0: Ball
1-0: Fly out, F8 (Flyball, 8RXD, EV 105.0 MPH)
Batting: LHB Nick Penix 0-0: Called Strike
0-1: Ball
1-1: Swinging Strike
1-2: Ball
2-2: Ball
3-2: 2-RUN HOME RUN (Flyball, 9D, EV 98.1 MPH), Distance : 383 ft
Batting: LHB Jason Schneider 0-0: Ball
1-0: Swinging Strike
1-1: SINGLE (Groundball, 34D, EV 102.5 MPH)
Batting: RHB Carlos Fraire 0-0: Ball
1-0: Ball
2-0: SINGLE (Groundball, 25, EV 67.5 MPH) (infield hit)
Jason Schneider to second
Batting: LHB Tim Wilson 0-0: Called Strike
0-1: Fly out, F6 (Popup, 6, EV 65.0 MPH)
Batting: RHB Allan Alessi 0-0: Called Strike
0-1: Ground out 4-3 (Groundball, 4, EV 93.8 MPH)
Bottom of the 7th over - 2 runs, 3 hits, 0 errors, 2 left on base; Minnesota 1 - Detroit 2
TOP OF THE 8TH
Minnesota Twins batting - Pitching for Detroit Tigers : RHP Jim Vickery
Batting: RHB Rogelio Rivera 0-0: Called Strike
0-1: Ball
1-1: Ball
2-1: Fly out, F9 (Line Drive, 9S, EV 93.8 MPH)
Batting: SHB Jim Whitlock 0-0: Ball
1-0: Foul Ball, location: 2LF
1-1: Ball
2-1: Swinging Strike
2-2: Strikes out swinging
Batting: SHB William Maki 0-0: Ground out 4-3 (Groundball, 4, EV 78.8 MPH)
Top of the 8th over - 0 runs, 0 hits, 0 errors, 0 left on base; Minnesota 1 - Detroit 2
BOTTOM OF THE 8TH
Detroit Tigers batting - Pitching for Minnesota Twins : RHP Russell Cottrell
Pitching: RHP Jeff Olguin
Batting: SHB Mike Knighten 0-0: Ball
1-0: Swinging Strike
1-1: Foul Ball, location: 7LDF
1-2: Foul Ball, location: 2F
1-2: Ground out 4-3 (Groundball, 4, EV 85.0 MPH)
Batting: SHB Mang He 0-0: Ball
1-0: Foul Ball, location: 23FF
1-1: Ball
2-1: Swinging Strike
2-2: Strikes out swinging
Batting: LHB Denny Marshall 0-0: Foul Ball, location: 7LSF
0-1: Ball
1-1: Ground out U3 (Groundball, 34S, EV 79.4 MPH)
Bottom of the 8th over - 0 runs, 0 hits, 0 errors, 0 left on base; Minnesota 1 - Detroit 2
TOP OF THE 9TH
Minnesota Twins batting - Pitching for Detroit Tigers : RHP Jim Vickery
Pitching: RHP Jose Munoz
Now at 2B: Billy Joye
Now at 3B: Tim Wilson
Now in LF: Nick Penix
Now in RF: Justin Kenworthy
Batting: RHB Bill Widby 0-0: Ball
1-0: Ball
2-0: Swinging Strike
2-1: Called Strike
2-2: Foul Ball, location: 2LF
2-2: Foul Ball, location: 9LSF
2-2: Ball
3-2: Strikes out swinging
Batting: SHB Dan Mayes 0-0: Ball
1-0: Ball
2-0: SINGLE (Line Drive, 89M, EV 97.5 MPH)
Batting: LHB Jay Molteni 0-0: Called Strike
0-1: Foul Ball, location: 23F
0-2: Ball
1-2: Ball
2-2: Ball
3-2: Base on Balls
Dan Mayes to second
Batting: RHB Joe Looby 0-0: Grounds into double play, 5-4-3 (Groundball, 56S, EV 87.5 MPH)
Top of the 9th over - 0 runs, 1 hit, 0 errors, 1 left on base; Minnesota 1 - Detroit 2
Sunday, April 14th , 2024 - OOTP Baseball 24.11 Build 85